AoeStats
← 知耻而后勇喜笑颜开

Arabia

510054371Analyzed
1v1 RM · 2d ago on Sep 29, 2026· 27m 33s· 2 players
Game mode
Random Map
Map size
Tiny (2 player)
Population
200
Speed
Normal
Resources
Standard
Victory
Conquest
Starting age
Dark Age
Ending age
Imperial Age
RankedLock teamsTeams togetherTeam positionsShared explorationLock speedFull tech treeHidden civsTurbo modeCheats
Victory
Defeat
1420
+17
🇩🇪 Malay · Germany
1444
-17
知耻而后勇喜笑颜开
9:24 Feudal Age
10:12 Double-Bit Axe
9:57 Man-at-Arms
10:30 Loom
13:52 Fletching
14:40 Scale Mail Armor
14:29 Horse Collar
15:27 Forging
15:56 Town Watch
16:50 Wheelbarrow
16:38 Padded Archer Armor
17:43 Arson
24:12 Castle Age
23:20 Gold Mining
24:13 Long Swordsman
24:39 Gambesons
24:54 Squires
25:31 Iron Casting
25:11 Chain Mail Armor
26:03 Bodkin Arrow
27:23 Heavy Plow
Woody Forest
7:52 Loom
9:47 Feudal Age
9:49 Double-Bit Axe
10:24 Gold Mining
15:56 Fletching
20:40 Padded Archer Armor
25:18 Castle Age
25:08 Crossbowman
26:11 Thumb Ring
Connection lost

Rejoining the realm…

Still unreachable

The connection could not be restored.

Session expired

The server has moved on; the page needs a fresh start.